| TOP OF THE 1ST |
|
Baltimore Orioles batting - Pitching for Toronto Blue Jays : RHP Javy Falcon
|
|
Pitching: RHP Javy Falcon
|
|
|
Batting: RHB Saimei Kudo
|
0-0: Swinging Strike 0-1: Swinging Strike 0-2: Foul Ball, location: 2F 0-2: SINGLE (Flyball, 3D, EV 95.6 MPH)
|
|
Batting: RHB Alex Rodriguez Jr.
|
0-0: Fly out, F2 (Popup, 23F, EV 91.9 MPH)
|
|
Batting: RHB Rudo Garciaparra
|
0-0: Ball 1-0: SINGLE (Groundball, 56D, EV 100.0 MPH) Saimei Kudo to second
|
|
Batting: SHB Robert Handy
|
0-0: Ball 1-0: Foul Ball, location: 2F 1-1: Foul Ball, location: 2F 1-2: Foul Ball, location: 2F 1-2: Ball 2-2: Foul Ball, location: 2F 2-2: Strikes out swinging
|
|
Batting: RHB Vince Jackson
|
0-0: Called Strike 0-1: Ball 1-1: Ball 2-1: Fielders Choice at 2nd, 6-4 (Groundball, 56, EV 83.8 MPH)
|
| Top of the 1st over - 0 runs, 2 hits, 0 errors, 2 left on base; Baltimore 0 - Toronto 0 |
| BOTTOM OF THE 1ST |
|
Toronto Blue Jays batting - Pitching for Baltimore Orioles : LHP Silas Chinn
|
|
Pitching: LHP Silas Chinn
|
|
|
Batting: RHB Donny Burnside
|
0-0: SINGLE (Groundball, 4M, EV 99.4 MPH) (infield hit)
|
|
Batting: RHB Danny Burnside
|
0-0: Ball Donny Burnside steals 2nd base 1-0: Ball 2-0: Called Strike 2-1: Swinging Strike 2-2: Fly out, F4 (Popup, 4M, EV 63.1 MPH)
|
|
Batting: SHB Matt Altieri
|
0-0: Ball 1-0: Ball 2-0: Called Strike 2-1: Foul Ball, location: 2F 2-2: Ground out 4-3 (Groundball, 4M, EV 102.5 MPH) Donny Burnside to third
|
|
Batting: LHB Willis Robles
|
0-0: Swinging Strike 0-1: Called Strike 0-2: Foul Ball, location: 2F 0-2: Strikes out swinging
|
| Bottom of the 1st over - 0 runs, 1 hit, 0 errors, 1 left on base; Baltimore 0 - Toronto 0 |
| TOP OF THE 2ND |
|
Baltimore Orioles batting - Pitching for Toronto Blue Jays : RHP Javy Falcon
|
|
Batting: LHB Brian Feher
|
0-0: Called Strike 0-1: Ball 1-1: Ball 2-1: Called Strike 2-2: Foul Ball, location: 2F 2-2: Fly out, F8 (Flyball, 8RD, EV 90.0 MPH)
|
|
Batting: RHB Marc Peckermark
|
0-0: Swinging Strike 0-1: Ball 1-1: Called Strike 1-2: Ball 2-2: Foul Ball, location: 2F 2-2: Ball 3-2: Strikes out looking
|
|
Batting: RHB Randy Johnson Jr.
|
0-0: Foul Ball, location: 2F 0-1: Foul Ball, location: 2F 0-2: Ball 1-2: Ground out 5-3 (Groundball, 56, EV 79.4 MPH)
|
| Top of the 2nd over - 0 runs, 0 hits, 0 errors, 0 left on base; Baltimore 0 - Toronto 0 |
| BOTTOM OF THE 2ND |
|
Toronto Blue Jays batting - Pitching for Baltimore Orioles : LHP Silas Chinn
|
|
Batting: RHB Kirk Arp
|
0-0: Ball 1-0: Ball 2-0: Called Strike 2-1: Fly out, F8 (Line Drive, 78M, EV 96.9 MPH)
|
|
Batting: SHB Mark Rennie
|
0-0: Ball 1-0: Foul Ball, location: 2F 1-1: Ball 2-1: Fly out, F8 (Flyball, 8RXD, EV 100.0 MPH)
|
|
Batting: LHB Nate Dean
|
0-0: Ball 1-0: Ball 2-0: Fly out, F8 (Flyball, 8RM, EV 82.5 MPH)
|
| Bottom of the 2nd over - 0 runs, 0 hits, 0 errors, 0 left on base; Baltimore 0 - Toronto 0 |
| TOP OF THE 3RD |
|
Baltimore Orioles batting - Pitching for Toronto Blue Jays : RHP Javy Falcon
|
|
Batting: LHB Eric Jackson
|
0-0: Ball 1-0: Called Strike 1-1: Foul Ball, location: 2F 1-2: Strikes out swinging
|
|
Batting: RHB Saimei Kudo
|
0-0: Swinging Strike 0-1: Called Strike 0-2: Strikes out swinging
|
|
Batting: RHB Alex Rodriguez Jr.
|
0-0: Called Strike 0-1: Fly out, F8 (Flyball, 8LM, EV 94.4 MPH)
|
| Top of the 3rd over - 0 runs, 0 hits, 0 errors, 0 left on base; Baltimore 0 - Toronto 0 |
| BOTTOM OF THE 3RD |
|
Toronto Blue Jays batting - Pitching for Baltimore Orioles : LHP Silas Chinn
|
|
Batting: LHB Michael Byrd
|
0-0: Foul Ball, location: 2F 0-1: Foul Ball, location: 2F 0-2: Foul Ball, location: 2F 0-2: Ground out 5-3 (Groundball, 56S, EV 63.1 MPH)
|
|
Batting: RHB Brock Van Gilder
|
0-0: Swinging Strike 0-1: Called Strike 0-2: Ball 1-2: Strikes out swinging
|
|
Batting: RHB Donny Burnside
|
0-0: Ball 1-0: Foul Ball, location: 2F 1-1: Ball 2-1: Called Strike 2-2: Foul Ball, location: 2F 2-2: Ball 3-2: Base on Balls
|
|
Batting: RHB Danny Burnside
|
0-0: SINGLE (Groundball, 34D, EV 103.1 MPH) Donny Burnside to second Runner from 2nd tries for 3rd, SAFE, throw by RF made to third Danny Burnside to second
|
|
Batting: SHB Matt Altieri
|
0-0: Ball 1-0: Ball 2-0: Ball 3-0: Base on Balls
|
|
Batting: LHB Willis Robles
|
0-0: Called Strike 0-1: Called Strike 0-2: Foul Ball, location: 2F 0-2: SINGLE (Line Drive, 78M, EV 99.4 MPH) Donny Burnside scores Danny Burnside to third Matt Altieri to second Runner from 3rd tries for Home, SAFE, throw by LF to home
|
|
Batting: RHB Kirk Arp
|
0-0: Foul Ball, location: 2F 0-1: Ball 1-1: Foul Ball, location: 2F 1-2: Strikes out swinging
|
| Bottom of the 3rd over - 2 runs, 2 hits, 0 errors, 2 left on base; Baltimore 0 - Toronto 2 |
| TOP OF THE 4TH |
|
Baltimore Orioles batting - Pitching for Toronto Blue Jays : RHP Javy Falcon
|
|
Batting: RHB Rudo Garciaparra
|
0-0: Ball 1-0: Called Strike 1-1: Ball 2-1: Ball 3-1: SINGLE (Groundball, 56S, EV 73.8 MPH) (infield hit)
|
|
Batting: SHB Robert Handy
|
0-0: Ball 1-0: Foul Ball, location: 2F 1-1: Foul Ball, location: 2F 1-2: Foul Ball, location: 2F 1-2: Grounds into double play, 4-6-3 (Groundball, 34, EV 86.2 MPH)
|
|
Batting: RHB Vince Jackson
|
0-0: Ball 1-0: Ball 2-0: Called Strike 2-1: Ball 3-1: Foul Ball, location: 2F 3-2: Strikes out looking
|
| Top of the 4th over - 0 runs, 1 hit, 0 errors, 0 left on base; Baltimore 0 - Toronto 2 |
| BOTTOM OF THE 4TH |
|
Toronto Blue Jays batting - Pitching for Baltimore Orioles : LHP Silas Chinn
|
|
Batting: SHB Mark Rennie
|
0-0: Called Strike 0-1: Foul Ball, location: 2F 0-2: Ball 1-2: Foul Ball, location: 2F 1-2: Ground out 6-3 (Groundball, 6S, EV 65.0 MPH)
|
|
Batting: LHB Nate Dean
|
0-0: Ball 1-0: SOLO HOME RUN (Flyball, 9D, EV 98.1 MPH), Distance : 359 ft
|
|
Batting: LHB Michael Byrd
|
0-0: SINGLE (Line Drive, 3D, EV 105.6 MPH)
|
|
Batting: RHB Brock Van Gilder
|
0-0: Ball Michael Byrd is caught stealing 2nd base 2-4 1-0: Fly out, F6 (Popup, 6M, EV 61.9 MPH)
|
| Bottom of the 4th over - 1 run, 2 hits, 0 errors, 0 left on base; Baltimore 0 - Toronto 3 |
| TOP OF THE 5TH |
|
Baltimore Orioles batting - Pitching for Toronto Blue Jays : RHP Javy Falcon
|
|
Batting: LHB Brian Feher
|
0-0: Ball 1-0: Foul Ball, location: 2F 1-1: Ball 2-1: Fly out, F9 (Flyball, 9S, EV 87.5 MPH)
|
|
Batting: RHB Marc Peckermark
|
0-0: Ball 1-0: Fly out, F9 (Flyball, 9, EV 90.0 MPH)
|
|
Batting: RHB Randy Johnson Jr.
|
0-0: Ball 1-0: Ball 2-0: Called Strike 2-1: Ground out 5-3 (Groundball, 56S, EV 85.0 MPH)
|
| Top of the 5th over - 0 runs, 0 hits, 0 errors, 0 left on base; Baltimore 0 - Toronto 3 |
| BOTTOM OF THE 5TH |
|
Toronto Blue Jays batting - Pitching for Baltimore Orioles : LHP Silas Chinn
|
|
Batting: RHB Donny Burnside
|
0-0: Called Strike 0-1: Ball 1-1: Ball 2-1: Ball 3-1: Fly out, F7 (Line Drive, 7, EV 106.9 MPH)
|
|
Batting: RHB Danny Burnside
|
0-0: Ball 1-0: Ground out U3 (Groundball, 34, EV 85.0 MPH)
|
|
Batting: SHB Matt Altieri
|
0-0: Ball 1-0: Ball 2-0: Foul Ball, location: 2F 2-1: Ball 3-1: Called Strike 3-2: Foul Ball, location: 2F 3-2: Ground out 6-3 (Groundball, 6, EV 103.1 MPH)
|
| Bottom of the 5th over - 0 runs, 0 hits, 0 errors, 0 left on base; Baltimore 0 - Toronto 3 |
| TOP OF THE 6TH |
|
Baltimore Orioles batting - Pitching for Toronto Blue Jays : RHP Javy Falcon
|
|
Batting: LHB Eric Jackson
|
0-0: Ball 1-0: DOUBLE (Flyball, 8LXD, EV 105.6 MPH)
|
|
Batting: RHB Saimei Kudo
|
0-0: Fly out, F7 (Flyball, 78S, EV 89.4 MPH)
|
|
Batting: RHB Alex Rodriguez Jr.
|
0-0: Called Strike 0-1: Foul Ball, location: 2F 0-2: Ball 1-2: Ball 2-2: Strikes out swinging
|
|
Batting: RHB Rudo Garciaparra
|
0-0: Called Strike 0-1: Foul Ball, location: 2F 0-2: Ball 1-2: Foul Ball, location: 2F 1-2: 2-RUN HOME RUN (Flyball, 7D, EV 100.0 MPH), Distance : 397 ft
|
|
Batting: SHB Robert Handy
|
0-0: Ball 1-0: Ball 2-0: Called Strike 2-1: Fly out, F8 (Flyball, 8LXD, EV 101.2 MPH)
|
| Top of the 6th over - 2 runs, 2 hits, 0 errors, 0 left on base; Baltimore 2 - Toronto 3 |
| BOTTOM OF THE 6TH |
|
Toronto Blue Jays batting - Pitching for Baltimore Orioles : LHP Silas Chinn
|
|
Batting: LHB Willis Robles
|
0-0: Fly out, F7 (Flyball, 7LM, EV 82.5 MPH)
|
|
Batting: RHB Kirk Arp
|
0-0: Foul Ball, location: 2F 0-1: Ball 1-1: Foul Ball, location: 2F 1-2: Ball 2-2: Ground out 5-3 (Groundball, 56, EV 94.4 MPH)
|
|
Batting: SHB Mark Rennie
|
0-0: Ball 1-0: Swinging Strike 1-1: Ball 2-1: Ball 3-1: Base on Balls
|
|
Batting: LHB Nate Dean
|
0-0: Called Strike 0-1: Called Strike 0-2: Ball 1-2: Ball 2-2: Foul Ball, location: 2F 2-2: Ball 3-2: Strikes out swinging
|
| Bottom of the 6th over - 0 runs, 0 hits, 0 errors, 1 left on base; Baltimore 2 - Toronto 3 |
| TOP OF THE 7TH |
|
Baltimore Orioles batting - Pitching for Toronto Blue Jays : RHP Javy Falcon
|
|
Now at SS: Brock Van Gilder
|
|
|
Now in RF: Jon Schick
|
|
|
Batting: RHB Vince Jackson
|
0-0: Called Strike 0-1: Ball 1-1: Ball 2-1: Ground out 4-3 (Groundball, 4, EV 86.2 MPH)
|
|
Batting: LHB Brian Feher
|
0-0: Called Strike 0-1: Swinging Strike 0-2: Strikes out looking
|
|
Batting: RHB Marc Peckermark
|
0-0: Swinging Strike 0-1: Bunt for hit to 2R - play at first, batter safe!
|
|
Batting: RHB Randy Johnson Jr.
|
0-0: Ball 1-0: Fly out, F4 (Popup, 3DF, EV 68.1 MPH)
|
| Top of the 7th over - 0 runs, 1 hit, 0 errors, 1 left on base; Baltimore 2 - Toronto 3 |
| BOTTOM OF THE 7TH |
|
Toronto Blue Jays batting - Pitching for Baltimore Orioles : LHP Silas Chinn
|
|
Batting: LHB Michael Byrd
|
0-0: Ball 1-0: Swinging Strike 1-1: Foul Ball, location: 2F 1-2: Ball 2-2: Ball 3-2: Fly out, F9 (Flyball, 9, EV 89.4 MPH)
|
|
Batting: RHB Brock Van Gilder
|
0-0: Foul Ball, location: 2F 0-1: Ball 1-1: Ball 2-1: SINGLE (Groundball, 56, EV 100.6 MPH) (infield hit)
|
|
Pitching: RHP Jay Rapini
|
|
|
Batting: RHB Donny Burnside
|
0-0: Called Strike Brock Van Gilder steals 2nd base 0-1: Ball 1-1: Called Strike 1-2: Ball 2-2: Fly out, F4 (Popup, 3D, EV 63.1 MPH)
|
|
Batting: RHB Danny Burnside
|
0-0: Ball 1-0: SINGLE (Groundball, 4MD, EV 102.5 MPH) Brock Van Gilder to third Runner from 3rd tries for Home, SAFE, throw by CF to home Danny Burnside to second
|
|
Batting: SHB Matt Altieri
|
0-0: Ball 1-0: Ground out 4-3 (Groundball, 4, EV 84.4 MPH)
|
| Bottom of the 7th over - 1 run, 2 hits, 0 errors, 1 left on base; Baltimore 2 - Toronto 4 |
| TOP OF THE 8TH |
|
Baltimore Orioles batting - Pitching for Toronto Blue Jays : RHP Javy Falcon
|
|
Pitching: LHP Tim Franco
|
|
|
Batting: LHB Eric Jackson
|
0-0: Ball 1-0: Called Strike 1-1: DOUBLE (Line Drive, 5D, EV 94.4 MPH)
|
|
Batting: RHB Saimei Kudo
|
0-0: Ball 1-0: Swinging Strike 1-1: Foul Ball, location: 2F 1-2: Ball 2-2: Fly out, F8 (Line Drive, 8RM, EV 87.5 MPH)
|
|
Batting: RHB Alex Rodriguez Jr.
|
0-0: Ball Passed Ball! Eric Jackson to third 1-0: Ball 2-0: DOUBLE (Flyball, 8LXD, EV 88.8 MPH) Eric Jackson scores
|
|
Batting: RHB Rudo Garciaparra
|
0-0: Ball 1-0: Ball 2-0: Ball 3-0: Swinging Strike 3-1: Called Strike 3-2: Strikes out swinging
|
|
Batting: SHB Robert Handy
|
0-0: Ball 1-0: Foul Ball, location: 2F 1-1: Ball 2-1: Ground out 4-3 (Groundball, 4MD, EV 106.9 MPH)
|
| Top of the 8th over - 1 run, 2 hits, 0 errors, 1 left on base; Baltimore 3 - Toronto 4 |
| BOTTOM OF THE 8TH |
|
Toronto Blue Jays batting - Pitching for Baltimore Orioles : RHP Jay Rapini
|
|
Batting: LHB Willis Robles
|
0-0: Ball 1-0: Swinging Strike 1-1: Fly out, F9 (Flyball, 89M, EV 73.8 MPH)
|
|
Batting: RHB Kirk Arp
|
0-0: Ball 1-0: Foul Ball, location: 2F 1-1: Ball 2-1: Ball 3-1: Called Strike 3-2: Base on Balls
|
|
Batting: SHB Mark Rennie
|
0-0: Ball 1-0: Ball 2-0: Called Strike 2-1: Ball 3-1: Foul Ball, location: 2F 3-2: Strikes out swinging
|
|
Batting: LHB Jon Schick
|
0-0: Ball 1-0: Ground out 4-3 (Groundball, 4, EV 103.1 MPH)
|
| Bottom of the 8th over - 0 runs, 0 hits, 0 errors, 1 left on base; Baltimore 3 - Toronto 4 |
| TOP OF THE 9TH |
|
Baltimore Orioles batting - Pitching for Toronto Blue Jays : LHP Tim Franco
|
|
Pitching: RHP Zach Ault
|
|
|
Batting: RHB Vince Jackson
|
0-0: Foul Ball, location: 2F 0-1: Foul Ball, location: 2F 0-2: Foul Ball, location: 2F 0-2: Strikes out swinging
|
|
Batting: LHB Brian Feher
|
0-0: Called Strike 0-1: Called Strike 0-2: Foul Ball, location: 2F 0-2: Strikes out swinging
|
|
Batting: RHB Marc Peckermark
|
0-0: Foul Ball, location: 2F 0-1: Ball 1-1: Ball 2-1: Swinging Strike 2-2: Strikes out swinging
|
| Top of the 9th over - 0 runs, 0 hits, 0 errors, 0 left on base; Baltimore 3 - Toronto 4 |
|